 Dungeon Crawl Stone Soup version 0.19-a0-1368-g41a3d51 (webtiles) character file.

4536 Elitist the Grappler (level 10, -3/100 HPs)
             Began as a Troll Monk on Sept 2, 2016.
             Was an Elder of Makhleb.
             Slain by a killer bee (6 damage)
             ... on level 8 of the Dungeon.
             The game lasted 00:21:16 (6919 turns).

Elitist the Grappler (Troll Monk)                   Turns: 6919, Time: 00:21:17

Health: -3/100     AC:  5    Str: 22    XL:     10   Next: 17%
Magic:  13/13      EV: 12    Int:  6    God:    Makhleb [****..]
Gold:   428        SH:  0    Dex: 14    Spells: 0 memorised, 9 levels left

rFire  + . .     SeeInvis .       - Unarmed
rCold  . . .     Gourm    +     p - +0 robe
rNeg   . . .     Faith    .     (no shield)
rPois  .         Spirit   .     j - +0 hat
rElec  .         Dismiss  .     (no cloak)
rCorr  .         Reflect  .     (gloves unavailable)
MR     .....     Harm     .     (boots unavailable)
Stlth  +++....... Clarity  +    r - amulet of regeneration
                                l - +3 ring of slaying
                                c - ring of protection from fire

@: about to teleport, very slightly contaminated
A: unfitting armour, antennae 1, claws 3, talons 1, camouflage 1, clarity, fast
metabolism 3, gourmand, regeneration 1, screaming 2, shaggy fur 1, tough skin 2
a: Minor Destruction, Lesser Servant of Makhleb, Major Destruction, Renounce
Religion


You were on level 8 of the Dungeon.
You worshipped Makhleb.
Makhleb was greatly pleased with you.
You were very full.

You visited 1 branch of the dungeon, and saw 9 of its levels.
You also visited: Sewer.

You collected 465 gold pieces.
You spent 37 gold pieces at shops.

Inventory:

Hand Weapons
 a - a +1 blowgun
 b - a +1 scimitar of flaming
Missiles
 s - 37 poisoned needles
 N - 5 tomahawks (quivered)
Armour
 j - a +0 hat (worn)
 p - a +0 robe (worn)
Jewellery
 c - a ring of protection from fire (left claw)
 d - an uncursed ring of positive energy {unknown}
 f - an uncursed ring of protection from cold
 l - a +3 ring of slaying (right claw)
 r - an amulet of regeneration (around neck)
 y - an uncursed ring of fire {unknown}
 z - an uncursed amulet of faith {unknown}
 C - a +3 amulet of reflection {unknown}
Wands
 k - a wand of slowing (48/48)
 I - a wand of disintegration (13/24)
 K - a wand of iceblast (8/15)
 P - a wand of paralysis (14/24)
 T - a wand of polymorph (7/24)
Scrolls
 e - a scroll of teleportation
 h - a scroll of identify
 i - 3 scrolls of remove curse
 G - 3 scrolls of amnesia
 H - a scroll of torment
 L - a scroll of recharging
 Q - a scroll of vulnerability
Potions
 g - 3 potions of magic
 m - 5 potions of curing
 n - 2 potions of berserk rage
 q - a potion of invisibility
 t - a potion of might
 v - 3 potions of flight
 F - a potion of resistance
 J - a potion of lignification
 R - a potion of cancellation {unknown}
Books
 D - a book of Geomancy

   Spells                             Type                      Level
   a - Sandblast                      Earth                        1
   b - Passwall                       Transmutation/Earth          2
   c - Stone Arrow                    Conjuration/Earth            3
   d - Petrify                        Transmutation/Earth          4
   e - Lee's Rapid Deconstruction     Earth                        5
 E - a book of Fire

   Spells                             Type                      Level
   a - Ignite Poison                  Fire/Transmutation/Poison    3
   b - Fireball                       Conjuration/Fire             5
   c - Bolt of Fire                   Conjuration/Fire             6
   d - Delayed Fireball               Conjuration/Fire             7
   e - Ring of Flames                 Charms/Fire                  7
 O - a book of the Dragon

   Spells                             Type                      Level
   a - Flame Tongue                   Conjuration/Fire             1
   b - Cause Fear                     Hexes                        4
   c - Bolt of Fire                   Conjuration/Fire             6
   d - Dragon Form                    Transmutation                7
   e - Dragon's Call                  Summoning                    9
Comestibles
 w - a slice of pizza
 x - a beef jerky
 A - 3 fruits
 B - 3 meat rations
 S - 12 bread rations


   Skills:
 - Level 6.8 Fighting
 + Level 4.6 Dodging
 - Level 1.1 Stealth
 * Level 10.5 Unarmed Combat
 + Level 5.6 Invocations


You had 9 spell levels left.
You didn't know any spells.

Dungeon Overview and Level Annotations

Branches:
Dungeon (9/15)             Temple (0/1) D:7
   Lair: D:8-11         Orc: D:9-12

Altars:
Ashenzari
Cheibriados
Dithmenos
Gozag
Kikubaaqudgha
Qazlal
Ru
Yredelemnul
The Shining One

Shops:
D:4 *   D:7 !


Innate Abilities, Weirdness & Mutations

You are too large for most types of armour.
You have claws for hands.
Your metabolism is lightning-fast.
You like to eat raw meat.
Your natural rate of healing is unusually fast.
You are covered in fur. (AC +1)
You have very tough skin. (AC +2)
You have a pair of small antennae on your head.
You have sharp toenails.
Your skin changes colour to match your surroundings (Stealth+).
You possess an exceptional clarity of mind.
You sometimes yell uncontrollably at your foes.


Message History

* * * LOW HITPOINT WARNING * * *
You feel very sick.
As you read the scroll of teleportation, it crumbles to dust.
You feel strangely unstable.
* * * LOW HITPOINT WARNING * * *
You feel very sick.
The killer bee rages.
Unknown command.
* * * LOW HITPOINT WARNING * * *
You feel very sick.
The killer bee rages.
The killer bee closely misses you.
Unknown command.
You feel better.
The killer bee stings you but does no damage.
The killer bee stings you.
* * * LOW HITPOINT WARNING * * *
The killer bee closely misses you. The killer bee barely misses you.
The killer bee stings you.
You die...

#+#.........# ######.#
............######## #.#
.....(......##)....# #.#
............##.###.#######.#
#+#.#####...##.# #.#.......#
....# ##..##.# #.#.#######
....######..##.###.#.#
........##..##...#.#.#
....###.#<#.####@#.#.# ....#
#.#.#..#.yy..#.# ....#
#.#.#..##..###.# ....#
#.#.#..##..###.# ....#
#.#.##..#...##.# #####
#.#.##..##..##.#
#.#.###.##.....#
#)#.#.....#.####
#######)#.#.#..ยง#.####


You could see 2 killer bees.

Vanquished Creatures
  Erica (D:8)
  A two-headed ogre (D:7)
  Prince Ribbit (D:8)
  An orc warrior (D:8)
  A black bear (D:7)
  A phantom (D:5)
  A sky beast (D:6)
  2 ogres
  An eye of draining (D:8)
  A necrophage (D:7)
  2 centaurs
  A big kobold (Sewer)
  3 giant frogs
  A scorpion (D:4)
  5 killer bees
  3 electric eels (D:6)
  4 howler monkeys
  4 crimson imps
  2 centaur zombies (D:5)
  2 giant frog zombies
  A quasit (Sewer)
  2 centaur skeletons
  6 orc priests
  3 hounds
  5 orc wizards
  2 giant frog skeletons
  6 worker ants
  A big kobold zombie (Sewer)
  A howler monkey zombie (D:5)
  A worker ant zombie (D:7)
  5 gnolls
  6 adders
  6 shadow imps
  3 ufetubi (Sewer)
  An ooze (Sewer)
  3 worms
  A dart slug (D:2)
  8 giant geckos
  22 orcs
  2 ball pythons
  11 giant cockroaches
  5 goblins
  10 hobgoblins
  11 jackals
  6 quokkas
  11 bats
  2 giant gecko skeletons
  16 giant newts
  A jackal zombie (D:7)
  21 kobolds
  A kobold zombie (Sewer)
  2 quokka skeletons
  8 rats
228 creatures vanquished.

Vanquished Creatures (collateral kills)
  The ghost of blownbattery the Covert, a novice OpAs of Gozag (D:6)
  3 killer bees (D:7)
4 creatures vanquished.

Vanquished Creatures (others)
  Grinder (Sewer)
1 creature vanquished.

Grand Total: 233 creatures vanquished

Notes
Turn   | Place    | Note
-------+----------+-------------------------------------------
     0 | D:1      | Elitist the Troll Monk began the quest for the Orb.
     0 | D:1      | Reached XP level 1. HP: 22/22 MP: 0/0
   154 | D:1      | Reached XP level 2. HP: 24/29 MP: 1/1
   809 | D:2      | Reached XP level 3. HP: 36/37 MP: 2/2
  1298 | D:3      | Reached XP level 4. HP: 44/45 MP: 3/3
  1378 | D:3      | Reached skill level 4 in Unarmed Combat
  1423 | D:3      | Found a shadowy altar of Dithmenos.
  1907 | D:3      | Found a snail-covered altar of Cheibriados.
  2177 | D:4      | Reached XP level 5. HP: 54/54 MP: 4/4
  2314 | D:4      | Found a glowing drain.
  2318 | Sewer    | Entered a sewer
  2555 | Sewer    | Found a burning altar of Makhleb.
  2563 | Sewer    | Became a worshipper of Makhleb the Destroyer
  2563 | Sewer    | Reached * piety under Makhleb
  2563 | Sewer    | Reached ** piety under Makhleb
  2591 | Sewer    | Reached skill level 5 in Unarmed Combat
  2591 | Sewer    | Reached XP level 6. HP: 61/63 MP: 5/5
  2647 | Sewer    | Noticed Grinder
  2660 | Sewer    | Paralysed by Grinder for 3 turns
  2662 | Sewer    | Killed Grinder
  2703 | Sewer    | Reached skill level 1 in Invocations
  2956 | D:4      | Found a sacrificial altar of Ru.
  2956 | D:4      | Found a shattered altar of Ashenzari.
  2956 | D:4      | Found a glowing golden altar of the Shining One.
  2956 | D:4      | Found a stormy altar of Qazlal.
  2963 | D:4      | Found an ancient bone altar of Kikubaaqudgha.
  2965 | D:4      | Found an opulent altar of Gozag.
  3268 | D:4      | Found Sosch's General Store.
  3382 | D:4      | Reached XP level 7. HP: 69/71 MP: 7/7
  3440 | D:5      | Entered Level 5 of the Dungeon
  3450 | D:5      | Reached skill level 5 in Fighting
  3547 | D:5      | Reached skill level 6 in Unarmed Combat
  3705 | D:5      | Reached *** piety under Makhleb
  4124 | D:5      | Found a basalt altar of Yredelemnul.
  4352 | D:6      | Reached XP level 8. HP: 74/81 MP: 9/9
  4358 | D:6      | Reached skill level 7 in Unarmed Combat
  4475 | D:6      | Gained mutation: You occasionally shout uncontrollably at your foes. [mutagenic meat]
  4478 | D:6      | Gained mutation: You possess an exceptional clarity of mind. [mutagenic meat]
  4899 | D:6      | Noticed blownbattery's ghost (novice OpAs)
  4914 | D:6      | Killed blownbattery's ghost
  4914 | D:6      | Reached skill level 8 in Unarmed Combat
  5049 | D:6      | Reached XP level 9. HP: 65/92 MP: 10/10
  5253 | D:7      | HP: 1/92 [killer bee (4)]
  5623 | D:7      | Found a staircase to the Ecumenical Temple.
  5637 | D:7      | Reached skill level 9 in Unarmed Combat
  5678 | D:7      | Found Atoadwops's Distillery.
  5686 | D:7      | Bought a potion of mutation for 37 gold pieces
  5686 | D:7      | Gained mutation: Your skin changes colour to match your surroundings (Stealth+). [potion of mutation]
  5686 | D:7      | Gained mutation: You have sharp toenails. [potion of mutation]
  5686 | D:7      | Gained mutation: You have a pair of small antennae on your head. [potion of mutation]
  5687 | D:7      | Gained mutation: You sometimes yell uncontrollably at your foes. [potion of mutation]
  5941 | D:8      | Noticed Prince Ribbit
  5992 | D:8      | Reached **** piety under Makhleb
  5997 | D:8      | Killed Prince Ribbit
  6041 | D:8      | Reached skill level 5 in Invocations
  6149 | D:8      | Reached skill level 10 in Unarmed Combat
  6559 | D:8      | Noticed Erica
  6571 | D:8      | Killed Erica
  6571 | D:8      | Reached XP level 10. HP: 100/100 MP: 11/13
  6917 | D:8      | HP: 3/100 [poisoned by a killer bee]
  6919 | D:8      | Slain by a killer bee

Vault maps used:
D:1:      dpeg_arrival_rooms_c
D:2:      minmay_newt_pond
D:3:      cheibriados_altar_wand_db, grunt_dithmenos_smoke
D:4:      minmay_overflow_temple_hex, gup_sewer_entry_bowl, serial_shops, shop
D:5:      first_bread, yredelemnul_altar_generic
D:6:      kennysheep_boxes
D:7:      serial_shops, shop
D:8:      uniq_erica, uniq_prince_ribbit1
D:9:      dpeg_lair_monsters, david_nohive_1, uniq_pikel
Sewer:    kennysheep_sewer_church

Skill      XL: |  1  2  3  4  5  6  7  8  9 |
---------------+----------------------------+-----
Fighting       | 3 4 5 6 |  6.8
Unarmed Combat | 4 5 6 8 10 | 10.5
Invocations    | 1 2 3 5 |  5.6
Dodging        | 4 |  4.6
Stealth        | |  1.1

Action                   |  1- 3 |  4- 6 |  7- 9 | 10-12 || total
-------------------------+-------+-------+-------+-------++-------
Melee: Unarmed           |   114 |   196 |   297 |    15 ||   622
       Punch             |       |     3 |     6 |     1 ||    10
       Kick              |       |       |    38 |     5 ||    43
Invok: Lesser Servant of |       |       |     2 |       ||     2
Evoke: Wand              |       |       |     1 |       ||     1
  Use: Scroll            |     4 |     3 |     4 |     2 ||    13
       Potion            |       |     9 |     9 |     4 ||    22
 Stab: Sleeping          |     1 |     4 |     2 |       ||     7
  Eat: Chunk             |    17 |    19 |    32 |     4 ||    72
Armor: Robe              |    50 |    81 |    58 |    10 ||   199
Dodge: Dodged            |    59 |   111 |   142 |    39 ||   351
